AoeStats
← 血刃

Nomad

510591431Analyzed
2v2 RM · 11h ago on Oct 1, 2026· 24m 3s· 4 players
Game mode
Random Map
Map size
176×176
Population
200
Speed
Normal
Resources
Standard
Victory
Conquest
Starting age
Dark Age
Ending age
Imperial Age
RankedLock teamsTeams togetherTeam positionsShared explorationLock speedFull tech treeHidden civsTurbo modeCheats
Victory
Defeat
🇧🇷 Spanish · Brazil
1716
+7
🇳🇱 Varangians · Netherlands
1515
+13
🇩🇪 Persians · Germany
1482
-10
🇩🇪 Koreans · Germany
1477
-10
Holy Heroin
4:08 Loom
14:31 Feudal Age
18:21 Castle Age
16:24 Double-Bit Axe
17:21 Fishing Lines
21:28 Gillnets
23:19 Scale Mail Armor
血刃
5:36 Loom
13:08 Feudal Age
17:49 Castle Age
Aeonn
4:49 Loom
14:27 Feudal Age
18:44 Castle Age
17:02 Double-Bit Axe
19:33 Scale Barding Armor
22:23 Bow Saw
stormzy
5:21 Loom
14:21 Feudal Age
18:59 Castle Age
18:14 Double-Bit Axe
22:15 Fletching
Connection lost

Rejoining the realm…

Still unreachable

The connection could not be restored.

Session expired

The server has moved on; the page needs a fresh start.